← All builds
Suicide front / Armada / Factory first / OBSERVED BUILD

Standard suicide front

The role's default: factory first (mostly Bot Lab), pushing Rocketeer-led bot play into the middle to contest and hold the front, with an Advanced Metal Extractor around 9:36 as the natural transition.

Usually lab first (63%)

#raid #push · 1244 distinct matches · 126 players · 71% of Armada Suicide front games · team won 60% of 1476 · Recently observed

HOW TO PLAY IT

Key timing: Bot Lab by 0:20

  1. Open with mex and wind, drop Bot Lab immediately.
  2. Push out first "Centurion" as Pond's boost lands.
  3. Send "Rocketeer", "Centurion", "Pawn" mix to contest middle.
  4. Add Dragon's Teeth and Sentries to hold the line.
  5. Get Advanced Metal Extractor up as T2 nears.

Phase by phase

TYPICAL OF ITS 1244 GAMES
  1. 1
  2. 2
  3. 3
PLAY THE OPENING

Follow the example game's first 6:00 step by step: what to build now, what comes next, and where it goes. At 1× it keeps pace with your own game.

  1. 1

    Bot Lab first

    Order
    1. Bot LabBot Lab done ~0:20, middle half 0:20–0:33

    Some games also: mex (36%)

  2. 2

    Bot Lab to 5:00

    Economy
    • Metal Extractor5Mex
    • Wind Turbine4Wind
    Builders
    • Construction Bot3 Con bot
    • Lazarus2 Lazarus
    Army
    • Sentry4 Sentry
    • Rocketeer18 Rocketeer
    • Tick2 Tick
    • Centurion1 Centurion
    Other
    • Radar Tower1 Radar Tower

    Some games also: con turret (35%) · pawn (32%)

    By 5:00 in all: 5 mex · 4 wind

    The example game in this phase · 42 steps
    1. Mex
    2. TickTick ×2
    3. Mex
    4. Tidal
    5. Wind
    6. Construction BotCon bot
    7. Wind
    8. Mex
    9. Construction BotCon bot
    10. Mex
    11. CenturionCenturion
    12. SentrySentry
    13. LazarusLazarus
    14. Construction BotCon bot
    15. Mex
    16. RocketeerRocketeer
    17. Radar TowerRadar Tower
    18. RocketeerRocketeer
    19. SentrySentry
    20. RocketeerRocketeer ×2
    21. SentrySentry
    22. RocketeerRocketeer
    23. SentrySentry
    24. RocketeerRocketeer
    25. SentrySentry
    26. RocketeerRocketeer
    27. OverwatchOverwatch
    28. RocketeerRocketeer ×2
    29. OverwatchOverwatch
    30. RocketeerRocketeer ×4
    31. BeamerBeamer
    32. RocketeerRocketeer ×3
    33. BeamerBeamer
    34. RocketeerRocketeer ×2
    35. Solar
    36. RocketeerRocketeer
    37. BeamerBeamer
    38. RocketeerRocketeer
    39. Wind
    40. RocketeerRocketeer
    41. Solar
    42. RocketeerRocketeer
  3. 3

    5:00 to 10:00

    Economy
    • Metal Extractor1Mex
    • Wind Turbine17Wind
    Builders
    • Construction Turret2 Con turret
    • Lazarus2 Lazarus
    • Construction Bot1 Con bot
    Army
    • Sentry1 Sentry
    • Rocketeer8 Rocketeer
    • Pawn1 Pawn

    Some games also: tick (48%) · Radar Tower (47%) · energy storage (46%) · centurion (45%) · Beamer (39%)

    By 10:00 in all: 6 mex · 23 wind · 1 energy storage · 3 con turret

    The example game in this phase · 194 steps
    1. Solar
    2. Con turret
    3. Wind
    4. RocketeerRocketeer
    5. PawnPawn ×2
    6. Wind
    7. Solar
    8. PawnPawn
    9. Mex
    10. PawnPawn
    11. Wind
    12. Solar
    13. PawnPawn
    14. Energy storage
    15. PawnPawn
    16. Radar TowerRadar Tower
    17. PawnPawn
    18. Wind
    19. SentrySentry
    20. PawnPawn
    21. Con turret
    22. PawnPawn
    23. Wind
    24. PawnPawn
    25. Wind
    26. PawnPawn
    27. Wind ×2
    28. PawnPawn
    29. Wind ×2
    30. PawnPawn
    31. Wind ×2
    32. PawnPawn
    33. Wind
    34. PawnPawn
    35. Wind ×2
    36. Construction BotCon bot
    37. Wind ×2
    38. Advanced Bot LabAdvanced Bot Labdone 9:10
    39. Advanced Metal ExtractorT2 mexdone 8:38 · typical 9:38
    40. Construction BotCon bot
    41. Wind
    42. Construction BotCon bot
    43. Wind
    44. Radar TowerRadar Tower
    45. Construction BotCon bot
    46. BeamerBeamer
    47. Construction BotCon bot
    48. Wind ×2
    49. Advanced Metal ExtractorT2 mex
    50. Wind
    51. SharpshooterSniper botnot finished by 15:00
    52. Wind ×2
    53. Advanced Metal ExtractorT2 mex
    54. SharpshooterSniper bot ×3
    55. Wind ×2
    56. BeamerBeamer
    57. Wind
    58. Con turret
    59. Wind
    60. Con turret
    61. Wind
    62. Con turret
    63. Wind
    64. Con turret ×2
    65. Advanced Metal ExtractorT2 mex
    66. Vehicle PlantVehicle Plantdone 10:37
    67. Wind
    68. BlitzBlitz
    69. Vehicle PlantVehicle Plantdone 10:47
    70. Wind ×2
    71. BlitzBlitz ×2
    72. Wind
    73. BlitzBlitz ×2
    74. Wind
    75. BlitzBlitz
    76. Wind
    77. BlitzBlitz ×3
    78. Wind
    79. BlitzBlitz ×2
    80. Wind
    81. BlitzBlitz ×2
    82. Wind
    83. BlitzBlitz ×2
    84. Wind
    85. BlitzBlitz ×2
    86. Wind
    87. BlitzBlitz
    88. Wind
    89. BlitzBlitz ×2
    90. Advanced Metal ExtractorT2 mex
    91. BlitzBlitz
    92. Wind
    93. BlitzBlitz
    94. Wind
    95. BlitzBlitz
    96. Wind
    97. BlitzBlitz
    98. Wind ×2
    99. BlitzBlitz ×2
    100. Wind
    101. BlitzBlitz
    102. Wind
    103. BlitzBlitz ×2
    104. Wind
    105. BlitzBlitz
    106. Wind
    107. BlitzBlitz ×3
    108. Wind
    109. BlitzBlitz ×2
    110. Wind
    111. BlitzBlitz
    112. Wind ×2
    113. BlitzBlitz ×2
    114. Wind ×3
    115. BlitzBlitz
    116. Wind
    117. BlitzBlitz ×2
    118. Wind
    119. BlitzBlitz
    120. Wind
    121. BlitzBlitz ×2
    122. Wind
    123. BlitzBlitz ×3
    124. Wind ×2
    125. BlitzBlitz
    126. Wind
    127. BlitzBlitz ×2
    128. Advanced Metal ExtractorT2 mex
    129. BlitzBlitz
    130. Wind
    131. BlitzBlitz ×3
    132. Wind
    133. BlitzBlitz
    134. Wind ×2
    135. BlitzBlitz ×3
    136. Wind
    137. BlitzBlitz ×3
    138. Wind ×2
    139. BlitzBlitz
    140. Wind
    141. BlitzBlitz ×4
    142. Wind ×2
    143. BlitzBlitz
    144. Wind
    145. BlitzBlitz ×3
    146. Wind
    147. BlitzBlitz
    148. Wind
    149. BlitzBlitz ×2
    150. Wind ×2
    151. BlitzBlitz ×3
    152. Wind ×2
    153. BlitzBlitz
    154. Wind
    155. Advanced Metal ExtractorT2 mex
    156. BlitzBlitz ×3
    157. Wind ×2
    158. BlitzBlitz ×4
    159. Wind
    160. BlitzBlitz ×2
    161. Wind
    162. Bot LabBot Labdone 14:08
    163. BlitzBlitz ×2
    164. Wind
    165. BlitzBlitz ×3
    166. Wind
    167. BlitzBlitz
    168. Wind
    169. BlitzBlitz ×4
    170. Wind
    171. LazarusLazarus
    172. Mex
    173. BlitzBlitz
    174. Wind
    175. BlitzBlitz ×3
    176. Wind
    177. BlitzBlitz ×3
    178. Wind
    179. BlitzBlitz ×2
    180. LazarusLazarus
    181. BlitzBlitz ×2
    182. Wind
    183. BlitzBlitz ×4
    184. Wind
    185. BlitzBlitz
    186. StoutStout ×2
    187. Wind ×2
    188. LazarusLazarus
    189. StoutStout ×3
    190. Wind
    191. StoutStout
    192. Mex
    193. Wind
    194. StoutStout

Counts are medians over the build's games: half of them build more, half fewer. The example game is PlatinumBlonde's (59 OS, 26/09/2026); pick another.

Team trades

IN AT LEAST 30% OF ITS GAMES

You hand over

Nothing regular.

You get

  • Tidal Generator4 Tidal from Pondfirst at 0:10 · in 69% of games
  • Advanced Construction Bot1 T2 con bot from Geo or Techfirst at 7:30 · in 58% of games

How it plays out

Typical game of this build, running totals by minute

Metal produced

010k20k30k
0:005:0010:0015:00

metal

Enemy metal destroyed

05k10k
0:005:0010:0015:00

metal

Own metal lost

05k10k
0:005:0010:0015:00

metal

1476 games.

Show as table
ByMetal produced: This buildEnemy metal destroyed: This buildOwn metal lost: This build
1:0022600
2:0088800
3:002052173106
4:003161658487
5:00424314151020
6:00543323271786
7:00666831762727
8:00791340353627
9:00930148084496
10:001068454295313
11:001224658946034
12:001409665046820
13:001621470167535
14:001807476888398
15:002043282939278
WHAT THE NUMBERS SAY

Standard suicide front play wins slightly more than half its games with fast kills but also fast losses, matching the raw grind of the role.

  • + First kill lands by 2:04 in all games
  • + Metal produced reaches 19882 by 15:00
  • − Own metal lost hits 9208 by 15:00, near metal destroyed of 8172
  • − First unit lost as early as 2:08 in every game
THE EXAMPLE YOU ARE READING

PlatinumBlonde

59.2 OS · 26/09/2026

Open source match ↗

17 received units · includes a constructor
477 metal received · 16725 energy received

Allied construction assistance is unknown. Timings are observations, not a promise of solo reproducibility.

Typical milestones

Bot Lab0:20Middle 50%: 0:20–0:33 · n=1470
Advanced Metal Extractor9:38Middle 50%: 8:42–10:48 · n=1084

Played most by

_X_252games of this buildPlatinumBlonde176games of this buildXad119games of this buildImmort67games of this buildwatermeloans58games of this build